 Dungeon Crawl Stone Soup version 0.25-a0-591-g2ad0d861f1 (webtiles) character file.

Game seed: 6439346367154398316, levelgen mode: deterministic

7959 Esekla the Covert (level 11, 0/48 HPs)
             Began as a Spriggan Artificer on Mar 13, 2020.
             Was an Initiate of Gozag.
             Killed from afar by Psyche (10 damage)
             ... with a puff of flame
             ... on level 10 of the Dungeon.
             The game lasted 01:06:03 (10859 turns).

Esekla the Covert (Spriggan Artificer)             Turns: 10859, Time: 01:06:04

Health: 0/48       AC:  5    Str: 13    XL:     11   Next: 3%
Magic:  24/24      EV: 24    Int: 15    God:    Gozag
Gold:   1595       SH:  0    Dex: 18    Spells: 27/27 levels left

rFire    . . .     SeeInvis +   h - +2 falchion (holy)
rCold    . . .     Gourm    .   (shield restricted)
rNeg     . . .     Faith    .   T - +0 robe {MR+}
rPois    .         Spirit   .   (helmet restricted)
rElec    .         Reflect  .   E - +0 cloak
rCorr    .         Harm     .   (gloves unavailable)
MR       +++..                  (boots unavailable)
Stlth    ++++++....             (no amulet)
HPRegen  0.16/turn              J - +5 ring of strength
MPRegen  0.19/turn              (no ring)

@: gold aura, studying Throwing, very quick
A: very small, unfitting armour, icy blue scales 1, see invisible, herbivore,
speed 3, magic resistance 1, slow metabolism 2
a: Potion Petition, Call Merchant, Bribe Branch, Renounce Religion


You were on level 10 of the Dungeon.
You worshipped Gozag.
Gozag was most pleased with you.
You were hungry.

You visited 2 branches of the dungeon, and saw 11 of its levels.

You collected 1879 gold pieces.
You spent 224 gold pieces at shops.
You paid 60 gold pieces to Gozag.

Inventory:

Hand Weapons
 h - a +2 falchion of holy wrath (weapon)
 k - a cursed +3 falchion
 s - a cursed +3 trident
 v - a +4 dagger of venom
 Q - a +2 scimitar of flaming
Missiles
 o - 7 boomerangs
 y - 33 poisoned darts (quivered)
Armour
 b - a +1 robe
 m - a cursed +0 leather armour
 p - a +0 leather armour
 t - a +0 leather armour
 w - a +0 leather armour
 x - a +0 leather armour
 z - a +0 leather armour
 E - a +0 cloak (worn)
 G - a +0 leather armour
 I - a +0 leather armour
 M - a +0 leather armour
 N - a +1 leather armour of cold resistance
 O - a +0 leather armour
 S - a +0 animal skin
 T - a +0 robe of magic resistance (worn)
 V - a +0 leather armour
Jewellery
 a - a +4 ring of dexterity
 q - a +5 ring of intelligence
 J - a +5 ring of strength (left hand)
Wands
 c - a wand of flame (33)
 e - a wand of random effects (33)
 F - a wand of iceblast (24)
 R - a wand of acid (12)
 Y - a wand of scattershot (5)
Scrolls
 g - 3 scrolls of amnesia
 i - 9 scrolls of teleportation
 l - 6 scrolls of enchant weapon
 A - a scroll of fear
 D - a scroll of enchant armour
 K - 8 scrolls of remove curse
 U - a scroll of fog
 W - a scroll of identify
 X - a scroll of random uselessness {unknown}
 Z - a scroll of blinking
Potions
 d - a potion of resistance
 j - a potion of invisibility
 n - 2 potions of heal wounds
 r - 3 potions of curing
 u - a potion of cancellation
 B - a potion of haste
 C - a potion of flight
 H - a potion of mutation
 L - a potion of might
Books
 P - a manual of Throwing
Comestibles
 f - 19 rations


   Skills:
 - Level 0.8 Fighting
 * Level 9.7(10.3) Short Blades
 + Level 4.1(6.3) Long Blades
 + Level 6.6 Throwing
 + Level 8.0 Dodging
 + Level 13.1 Stealth
 * Level 8.5 Spellcasting
 - Level 4.2 Evocations


You had 27 spell levels left.
You didn't know any spells.
Your spell library was empty.

Dungeon Overview and Level Annotations

Branches:
Dungeon (10/15)            Temple (1/1) D:4             Orc (0/2) D:10
   Lair: D:8-11

Altars:
Ashenzari
Cheibriados
Dithmenos
Elyvilon
Fedhas
Gozag
Hepliaklqana
Kikubaaqudgha
Makhleb
Nemelex Xobeh
Okawaru
Qazlal
Ru
Sif Muna
Trog
Uskayaw
Vehumet
Wu Jian
Xom
Yredelemnul
Zin
The Shining One

Shops:
D:4 }   D:5 !

Annotations:
D:8 Flugslaktarn's ghost, novice DDFi
D:10 Psyche


Innate Abilities, Weirdness & Mutations

You are very small and have problems with some larger weapons.
You are too small for most types of armour.
You have supernaturally acute eyesight. (SInv)
You are a herbivore.
You cover ground extremely quickly.
You need to consume almost no food.
You are partially covered in icy blue scales. (AC +2)
You are resistant to hostile enchantments. (MR+)


Message History

Quivering
y - 36 poisoned darts for throwing.
Throwing (i - inventory. (/) - cycle)
y - 36 poisoned darts (quivered)
Press: ? - help, Shift-Dir - straight line, f - worker ant
Aim: a worker ant You throw a poisoned dart.
The poisoned dart hits the worker ant!
The worker ant is poisoned.
Throwing (i - inventory. (/) - cycle)
y - 35 poisoned darts (quivered)
Press: ? - help, Shift-Dir - straight line, f/p - worker ant
Aim: a worker ant (severely wounded, very poisoned)
You throw a poisoned dart.
The poisoned dart barely misses the worker ant.
You kill the worker ant!
Throwing (i - inventory. (/) - cycle)
y - 34 poisoned darts (quivered)
Press: ? - help, Shift-Dir - straight line, f - Psyche
Aim: Psyche, wielding a +2 dagger of distortion and wearing a +0 robe (fast, slightly transparent)
You throw a poisoned dart. The poisoned dart hits Psyche.
Psyche is poisoned.
Psyche gestures at you while chanting. The puff of flame hits you!
You die...
Your body crumbles into a pile of gold.

#(.###@#(# #.# #..##.#[#$##$#
#..#.#.#.#.#.#
##...#.###.#..#
#..#..#####..##
..########.###.....@..#
...........#####......#
.####........###......#
.....#######....@.#########
####.......#####.##.......###
###.....# ###...####...##
#...)..# ##....##..##...##
#.#...## #........)......#
#.#...# ###.....##).##....##
..#)..###...##...####......#
####.......#####........##..#
#....##### #'##########.##


You could see Psyche (invisible).

Vanquished Creatures
  Erica (D:9)
  A troll (D:9)
  Grinder (D:4)
  2 hippogriffs
  A wyvern (D:10)
  Eustachio (D:5)
  4 hogs (D:7)
  A steam dragon (D:7)
  A human (D:7)
  2 hungry ghosts (D:7)
  2 wargs (D:10)
  Duvessa (D:4)
  A water moccasin (D:5)
  5 orc warriors
  2 sky beasts
  4 ice beasts
  3 phantoms
  2 black bears
  8 ogres
  A big kobold (D:7)
  Blork the orc (D:4)
  3 bullfrogs
  Dowan (D:4)
  4 scorpions
  9 wights
  A howler monkey (D:6)
  A bullfrog zombie (D:10)
  2 crimson imps
  2 centaur zombies
  6 hounds
  2 quasits (D:7)
  A bullfrog skeleton (D:10)
  A centaur skeleton (D:7)
  5 orc priests
  2 jellies
  3 iguanas
  11 orc wizards
  11 worker ants
  A killer bee zombie (D:7)
  3 hound skeletons
  3 worker ant zombies
  A gnoll (D:6)
  7 adders
  A howler monkey skeleton (D:4)
  A shadow imp (D:5)
  2 adder skeletons
  3 adder zombies
  4 worms
  5 dart slugs
  5 leopard geckos
  30 orcs
  A ball python (D:3)
  7 giant cockroaches
  8 goblins
  5 hobgoblins
  11 jackals
  8 kobolds
  5 quokkas
  8 bats
  7 frilled lizards
  A jackal skeleton (D:4)
  A jackal zombie (D:6)
  A leopard gecko skeleton (D:6)
  11 rats
250 creatures vanquished.

Vanquished Creatures (others)
  An orc wizard (D:5)
1 creature vanquished.

Grand Total: 251 creatures vanquished

Notes
Turn   | Place    | Note
-------+----------+-------------------------------------------
     0 | D:1      | Esekla the Spriggan Artificer began the quest for the Orb.
     0 | D:1      | Reached XP level 1. HP: 9/9 MP: 4/4
    42 | D:1      | Reached skill level 2 in Stealth
   169 | D:1      | Reached XP level 2. HP: 14/14 MP: 6/6
   818 | D:2      | Reached XP level 3. HP: 14/17 MP: 7/7
   979 | D:2      | Reached skill level 1 in Spellcasting
  1424 | D:2      | Reached skill level 3 in Stealth
  1486 | D:3      | Found a blossoming altar of Fedhas.
  1487 | D:3      | Found a bloodstained altar of Trog.
  1526 | D:3      | Reached XP level 4. HP: 21/21 MP: 8/8
  1635 | D:3      | Reached skill level 4 in Stealth
  1892 | D:3      | Reached XP level 5. HP: 11/25 MP: 9/9
  2270 | D:3      | Found a shimmering blue altar of Sif Muna.
  2469 | D:4      | Noticed an ogre
  2754 | D:4      | Found a glowing silver altar of Zin.
  2770 | D:4      | Noticed Grinder
  2837 | D:4      | Found Moluck's Gadget Boutique.
  2867 | D:4      | Noticed Duvessa
  2867 | D:4      | Noticed Dowan
  2927 | D:4      | Found a staircase to the Ecumenical Temple.
  2931 | D:4      | Noticed an ogre
  2933 | D:4      | Killed an ogre
  2933 | D:4      | Reached skill level 5 in Stealth
  2933 | D:4      | Reached XP level 6. HP: 20/29 MP: 10/10
  2959 | Temple   | Entered the Ecumenical Temple
  3061 | Temple   | Became a worshipper of Gozag Ym Sagoz the Greedy
  3181 | D:4      | Noticed Blork the orc
  3196 | D:4      | Killed Blork the orc
  3196 | D:4      | Reached skill level 6 in Stealth
  3240 | D:4      | Reached skill level 5 in Short Blades
  3465 | D:4      | Killed Dowan
  3465 | D:4      | Reached XP level 7. HP: 32/32 MP: 12/12
  3504 | D:4      | Killed Duvessa
  3504 | D:4      | Reached skill level 1 in Throwing
  3572 | D:4      | Reached skill level 7 in Stealth
  3698 | D:4      | Killed Grinder
  4111 | D:5      | Entered Level 5 of the Dungeon
  4139 | D:5      | Reached skill level 8 in Stealth
  4139 | D:5      | Reached XP level 8. HP: 36/37 MP: 13/15
  4201 | D:5      | Found a white marble altar of Elyvilon.
  4229 | D:5      | Noticed Eustachio
  4231 | D:5      | Killed Eustachio
  4231 | D:5      | Reached skill level 5 in Dodging
  4408 | D:5      | Reached skill level 9 in Stealth
  4550 | D:5      | Found Wotoisk's Distillery.
  4605 | D:5      | Bought 2 potions of mutation for 224 gold pieces
  4615 | D:5      | Gained mutation: You are partially covered in icy blue
                  | scales. (AC +2) [potion of mutation]
  4615 | D:5      | Gained mutation: You are resistant to hostile enchantments.
                  | (MR+) [potion of mutation]
  5072 | D:6      | Reached skill level 5 in Spellcasting
  5207 | D:7      | Noticed a hippogriff
  5213 | D:7      | Killed a hippogriff
  5213 | D:7      | Reached skill level 1 in Long Blades
  5259 | D:7      | Reached skill level 10 in Stealth
  5378 | D:7      | Reached XP level 9. HP: 40/40 MP: 18/18
  5531 | D:7      | You fall into a shaft and drop 1 floor!
  5591 | D:8      | Found a large runed translucent door.
  5591 | D:8      | Found a large runed translucent door.
  5686 | D:7      | Reached skill level 11 in Stealth
  6107 | D:7      | Found an iron altar of Okawaru.
  6938 | D:6      | Reached XP level 10. HP: 44/44 MP: 21/21
  6965 | D:6      | Reached skill level 12 in Stealth
  8360 | D:8      | Reached skill level 5 in Throwing
  8473 | D:8      | Noticed Flugslaktarn's ghost (novice DDFi)
  8523 | D:8      | Found an ancient bone altar of Kikubaaqudgha.
  9090 | D:8      | HP: 2/44 [Flugslaktarn's ghost (7)]
  9643 | D:9      | Found a hazy altar of Hepliaklqana.
  9733 | D:9      | Noticed Erica
  9740 | D:9      | Killed Erica
 10347 | D:10     | Entered Level 10 of the Dungeon
 10596 | D:10     | Found a staircase to the Orcish Mines.
 10686 | D:10     | Reached skill level 13 in Stealth
 10763 | D:10     | Reached XP level 11. HP: 46/48 MP: 24/24
 10807 | D:10     | Noticed Psyche
 10859 | D:10     | Killed from afar by Psyche

Levels and vault maps discovered:
D:1:      doesnt_arrival_eight_statues, layout_rooms
D:2:      layout_basic
D:3:      layout_loops_cross, lemuel_blue_sif_altar, grunt_temple_overflow_open,
          first_ration
D:4:      layout_loops_cross, zin_statuary, minmay_temple_entry_tees,
          serial_shops, shop, chequers_decorated_corner, roderic_roman_lattice,
          uniq_grinder, uniq_blork_the_orc, uniq_duvessa
D:5:      layout_basic, marbit_many_paths, serial_shops,
          nicolae_shop_behind_doors, uniq_eustachio
D:6:      layout_layer_cave, minmay_manual_mandibuliform
D:7:      minmay_thinvault, layout_loops_corners, lemuel_coloured_pillars_altar,
          kennysheep_diamond, grunt_livestock
D:8:      layout_rooms, kiku_gazebo_garden_becter, ebering_ghost_disaster_area
D:9:      layout_gridville, lemuel_crystal_altar, uniq_erica
D:10:     layout_rooms, david_orc_1_choice, minmay_circle_x, uniq_psyche
Temple:   zaba_magenta_temple

Skill      XL: |  1  2  3  4  5  6  7  8  9 10 |
---------------+-------------------------------+-----
Stealth        | 2 3 4 5 6 8 10 11 13 | 13.1
Short Blades   | 2 3 4 5 6 7 8 9 |  9.7
Spellcasting   | 1 2 3 4 5 7 8 |  8.5
Dodging        | 4 5 6 8 |  8.0
Throwing       | 2 3 6 |  6.6
Long Blades    | 1 3 4 |  4.1
Fighting       | |  0.8
Evocations     | |  4.2

Action                   |  1- 3 |  4- 6 |  7- 9 | 10-12 || total
-------------------------+-------+-------+-------+-------++-------
Melee: Short sword       |    77 |       |       |       ||    77
       Dagger            |    30 |   150 |   207 |   237 ||   624
       Falchion          |       |       |   107 |    52 ||   159
Throw: Dart              |       |    10 |     5 |     7 ||    22
       Boomerang         |       |       |    30 |    55 ||    85
  Use: Scroll            |     7 |     2 |     9 |     2 ||    20
       Potion            |       |     1 |     3 |       ||     4
 Stab: Sleeping          |    15 |    10 |    25 |    16 ||    66
       Distracted        |       |     2 |     5 |     5 ||    12
  Eat: Ration            |       |       |     4 |     2 ||     6
Armor: Robe              |     5 |    11 |    27 |    11 ||    54
       Skin              |       |       |    21 |       ||    21
Dodge: Dodged            |    58 |    74 |   161 |   159 ||   452
       Rpst.: Falchion   |       |       |    20 |    10 ||    30

Table legend:
 A = Non-vault XP
 B = Vault XP
 C = Vault XP percentage of total XP
 D = Non-vault monster count
 E = Vault monster count
 F = Vault count percentage of total count
                 A         B        C        D         E       F
            +---------+---------+-------+---------+---------+-------
      Total |    6536 |    4834 |  42.5 |     205 |      45 |  18.0
            +---------+---------+-------+---------+---------+-------
        D:1 |      40 |       0 |   0.0 |      22 |       0 |   0.0
        D:2 |      45 |       0 |   0.0 |      16 |       0 |   0.0
        D:3 |     163 |       0 |   0.0 |      39 |       0 |   0.0
        D:4 |     506 |     598 |  54.2 |      18 |       4 |  18.2
        D:5 |     628 |     220 |  25.9 |      14 |       2 |  12.5
        D:6 |     708 |     138 |  16.3 |      26 |       4 |  13.3
        D:7 |    2016 |    1761 |  46.6 |      27 |      18 |  40.0
        D:8 |     874 |       0 |   0.0 |      12 |       0 |   0.0
        D:9 |     770 |     897 |  53.8 |      18 |       1 |   5.3
       D:10 |     786 |    1220 |  60.8 |      13 |      16 |  55.2
            +---------+---------+-------+---------+---------+-------
